 Dungeon Crawl Stone Soup version 0.28-a0-1356-g2ad6d04315 (webtiles) character file.

Game seed: 7835350007811737406

164 oldriver the Caller (level 5, -1/23 HPs)
             Began as a Felid Summoner on Dec 31, 2021.
             Succumbed to a scorpion's poison
             ... on level 5 of the Dungeon.
             The game lasted 00:12:42 (6916 turns).

oldriver the Caller (Felid Summoner)                Turns: 6916, Time: 00:12:43

Health: -1/23      AC:  2    Str:  4    XL:     5   Next: 21%
Magic:  13/13      EV: 17    Int: 19    God:
Gold:   118        SH:  0    Dex: 16    Spells: 0/13 levels left
                                        Lives:  0   Deaths: 2

rFire   . . .      SeeInvis +   (weapon unavailable)
rCold   . . .      Faith    .   (shield unavailable)
rNeg    . . .      Spirit   .   (armour unavailable)
rPois   .          Reflect  .   (helmet unavailable)
rElec   .          Harm     .   (cloak unavailable)
rCorr   .          Rampage  .   (gloves unavailable)
Will    .....                   (boots unavailable)
Stlth   ++........              (no amulet)
HPRegen 0.07/turn               (no ring)
MPRegen 0.13/turn               (no ring)

@: lethally poisoned (-1 -> -11), quick
A: very small, claws 1, fangs 3, see invisible, speed 1, shaggy fur 2, stealthy
paws, no weapons or thrown items, no armour, multi-lived, antennae 1, robust 1
a: no special abilities


You were on level 5 of the Dungeon.
You visited 1 branch of the dungeon, and saw 5 of its levels.

You collected 118 gold pieces.

Inventory:

Jewellery
 j - a ring of poison resistance
Wands
 i - a wand of polymorph (4)
 r - a wand of flame (6)
Scrolls
 b - 3 scrolls of enchant armour
 n - a scroll of noise
Potions
 a - a potion of cancellation {unknown}
 c - 3 potions of heal wounds {unknown}
 f - 4 potions of flight {unknown}
 m - a potion of curing
 p - a potion of magic {unknown}
 q - a potion of berserk rage {unknown}


   Skills:
 - Level 2.6 Dodging
 - Level 2.6 Stealth
 + Level 4.8 Spellcasting
 - Level 5.0 Hexes
 + Level 6.2 Summonings


You couldn't memorise any spells.
You knew the following spells:

 Your Spells              Type           Power      Damage    Failure   Level
a - Summon Small Mammal   Summ           100%       N/A       1%          1
b - Call Imp              Summ           28%        N/A       1%          2
c - Call Canine Familiar  Summ           28%        N/A       3%          3
d - Summon Guardian Gole  Hex/Summ       25%        N/A       3%          3
e - Summon Lightning Spi  Summ/Air       16%        N/A       34%         4

Your spell library contained the following spells:

 Spells                   Type           Power      Damage    Failure   Level
 Conjure Flame            Conj/Fire      4%         6-21      36%         3
 Ignite Poison            Fire/Tmut/Pois 4%         N/A       36%         3
 Sticky Flame             Conj/Fire      4%         2d3       77%         4
 Borgnjor's Revivificati  Necr           2%         N/A       100%        8
 Death's Door             Necr           2%         N/A       100%        9


Dungeon Overview and Level Annotations

Branches:
Dungeon (5/15)
 Temple: D:4-7

Altars:
Fedhas
Kikubaaqudgha
Uskayaw
The Shining One

Annotations:
D:4 3 runed translucent doors, Clumpoid's ghost, amateur GnFi; bande's ghost, amateur GrFi; bearlyready's ghost, amateur DjFE


Innate Abilities, Weirdness & Mutations

You have sharp claws.
You have razor-sharp teeth.
You have supernaturally acute eyesight. (SInv)
You cover ground quickly. (Speed+)
You are covered in thick fur. (AC +2)
Your paws help you pounce on unaware monsters.
You are incapable of wielding weapons or throwing items.
You cannot wear armour.
You gain extra lives every three experience levels.
You have a pair of small antennae on your head.
You are robust. (+10% HP)


Message History

You scratch the centaur skeleton.
The centaur skeleton is moderately damaged.
You closely miss the scorpion. Your bite misses the scorpion.
Your crimson imp hits the centaur skeleton.
You scratch the scorpion but do no damage.
The centaur skeleton barely misses you. The centaur skeleton kicks you.
The scorpion completely misses you. The centaur skeleton barely misses you.
The centaur skeleton kicks you.
You scratch the scorpion but do no damage.
The scorpion completely misses you.
Your crimson imp hits the centaur skeleton.
The centaur skeleton closely misses you.
The centaur skeleton barely misses you.
Unknown command.
You barely miss the scorpion. The scorpion closely misses you.
Your crimson imp hits the centaur skeleton.
The centaur skeleton barely misses your crimson imp.
The centaur skeleton kicks your crimson imp but does no damage.
The scorpion stings you.
You barely miss the scorpion.
Your crimson imp blinks!
The centaur skeleton hits you.
The centaur skeleton kicks you but does no damage.
The scorpion closely misses you.
You scratch the scorpion but do no damage.
Your crimson imp blinks!
The scorpion stings you!
You are lethally poisoned!
The scorpion poisons you! The centaur skeleton hits you.
* * * LOW HITPOINT WARNING * * *
The centaur skeleton completely misses you.
You scratch the scorpion but do no damage.
* * * LOW HITPOINT WARNING * * *
You feel very sick.
Your crimson imp blinks!
The scorpion completely misses you.
The centaur skeleton hits you but does no damage.
The centaur skeleton kicks you but does no damage.
You scratch the scorpion but do no damage.
You die...

##.####....♣.......♣
#..........♣♣♣♣.♣♣♣♣.#
..####..............#
##.##.♣♣♣♣.♣♣♣♣.#
#..##.♣.......♣
#.###.♣.♣♣.♣♣.♣ #.#
#.. ♣...♣ s. #.#
#.♣♣♣.sZ♣♣♣..# #.#
#..5..@......# # #.#
####.##.####.####.####
#.# #. .# .........#
#.# ## .# ####.#.#.#
.. #.##.# ..
####.##.## .##
.......... .#
####...§.. #..#.#.


You could see a scorpion, a centaur skeleton (ally target) and a friendly
crimson imp (summoned).

Vanquished Creatures
  A killer bee zombie (D:5)
  An adder (D:2)
  3 bats
  An endoplasm (D:4)
  A goblin (D:3)
  A hobgoblin (D:1)
  A jackal (D:1)
  2 ball pythons (D:4)
  A frilled lizard (D:2)
  A rat (D:2)
13 creatures vanquished.

Vanquished Creatures (collateral kills)
  Sigmund (D:3)
  An ogre (D:4)
  An orc priest (D:3)
  A hound (D:4)
  Jessica (D:2)
  Ijyb (D:4)
  Terence (D:2)
  An iguana (D:4)
  A gnoll (D:5)
  6 adders
  An ufetubus (D:4)
  2 worms (D:2)
  2 dart slugs (D:4)
  5 orcs
  An endoplasm (D:3)
  2 giant cockroaches
  5 goblins
  7 hobgoblins
  11 jackals
  10 kobolds
  3 quokkas (D:1)
  5 ball pythons
  2 bats
  2 frilled lizards (D:1)
  6 rats
79 creatures vanquished.

Grand Total: 92 creatures vanquished

Notes
Turn   | Place    | Note
-------+----------+-------------------------------------------
     0 | D:1      | oldriver the Felid Summoner began the quest for the Orb.
     0 | D:1      | Reached XP level 1. HP: 7/7 MP: 4/4
   355 | D:1      | Reached XP level 2. HP: 9/11 MP: 0/6
   359 | D:1      | Gained mutation: You have a pair of small antennae on your
                  | head. [potion of mutation]
   359 | D:1      | Gained mutation: You are robust. (+10% HP) [potion of
                  | mutation]
   981 | D:1      | Learned a level 2 spell: Call Imp
  1001 | D:1      | Found a faded altar of an unknown god.
  1340 | D:1      | Reached XP level 3. HP: 15/15 MP: 4/8
  1881 | D:2      | Noticed Terence
  2076 | D:1      | Learned a level 3 spell: Call Canine Familiar
  2201 | D:2      | Noticed Jessica
  2217 | D:2      | Killed Jessica
  2218 | D:2      | Reached XP level 4. HP: 19/19 MP: 7/9
  2456 | D:2      | Reached skill level 5 in Summonings
  2757 | D:2      | Learned a level 3 spell: Summon Guardian Golem
  3175 | D:3      | Found a hide-covered altar of Uskayaw.
  3239 | D:3      | Noticed Sigmund
  3778 | D:2      | Killed Terence
  3779 | D:2      | Reached skill level 1 in Hexes
  3859 | D:3      | Found a blossoming altar of Fedhas.
  3947 | D:3      | Reached XP level 5. HP: 23/23 MP: 8/11
  4881 | D:3      | Killed Sigmund
  4882 | D:3      | Gained mutation: You are covered in thick fur. (AC +2)
                  | [Felid growth]
  4882 | D:3      | Reached XP level 6. HP: 23/26 MP: 3/13
  5816 | D:4      | Reached skill level 6 in Summonings
  5828 | D:4      | Reached XP level 7. HP: 29/29 MP: 7/14
  6009 | D:4      | Got the Grimoire of Evil Magic
  6123 | D:4      | Found a runed translucent gate.
  6124 | D:4      | Found a runed translucent gate.
  6124 | D:4      | Found a runed translucent gate.
  6125 | D:4      | Noticed Clumpoid's ghost (amateur GnFi)
  6126 | D:4      | Noticed bande's ghost (amateur GrFi)
  6126 | D:4      | Noticed bearlyready's ghost (amateur DjFE)
  6370 | D:4      | Noticed Ijyb
  6414 | D:4      | Killed Ijyb
  6799 | D:4      | Learned a level 4 spell: Summon Lightning Spire
  6809 | D:5      | Entered Level 5 of the Dungeon
  6848 | D:5      | Mangled by a gnoll
  6849 | D:5      | Reached XP level 6. HP: -7/26 MP: 4/14
  6866 | D:5      | Reached skill level 5 in Hexes
  6874 | D:5      | Mangled by a scorpion
  6875 | D:5      | Reached XP level 5. HP: -6/23 MP: 12/13
  6891 | D:5      | Found a glowing golden altar of the Shining One.
  6891 | D:5      | Found an ancient bone altar of Kikubaaqudgha.
  6915 | D:5      | HP: 1/23 [poisoned by a scorpion]
  6916 | D:5      | Succumbed to a scorpion's poison

Illustrated notes

Levels and vault maps discovered:
D:1:      kilobyte_arrival_exit_the_forest, layout_rooms,
          hellmonk_ecumenical_altar_dog_temple, serial_park_tiny_pond,
          dk_noncrumbling_4
D:2:      layout_basic, grunt_ministairs_2, chequers_arboretum, uniq_jessica,
          uniq_terence
D:3:      layout_basic, eat_drink_and_be_merry_uskayaw, lemuel_crystal_altar,
          uniq_sigmund
D:4:      layout_loops_ring, gammafunk_ghost_cemetery, uniq_ijyb
D:5:      layout_loops_ring, mainiacjoe_overflow_large_starburst,
          kennysheep_another_room

Skill      XL: |  1  2  3  4  5  6 |
---------------+-------------------+-----
Spellcasting   | 3 4 |  4.8
Summonings     | 5 6 |  6.2
Hexes          | 1 3 5 |  5.0
Dodging        | |  2.6
Stealth        | |  2.6

Action                   |  1- 3 |  4- 6 |  7- 9 || total
-------------------------+-------+-------+-------++-------
Melee: Unarmed           |    44 |    39 |    17 ||   100
       Bite              |     2 |     2 |     1 ||     5
 Cast: Summon Small Mamm |    51 |    27 |     4 ||    82
       Call Imp          |    18 |    42 |     8 ||    68
       Call Canine Famil |       |    18 |     6 ||    24
  Use: Potion            |     2 |       |     1 ||     3
       Scroll            |       |       |     8 ||     8
 Stab: Sleeping          |     2 |       |     1 ||     3
Armor: Skin              |     5 |     5 |     3 ||    13
Dodge: Dodged            |    73 |    45 |    11 ||   129

Table legend: (Time is in decaauts)
 A = Elapsed time spent in this place.
 B = Non-inter-level travel time spent in this place.
 C = Inter-level travel time spent in this place.
 D = Time resting spent in this place.
 E = Time spent auto-exploring this place.
 F = Levels seen in this place.
 G = Mean time per level.
                   A        B        C        D        E       F      G
               +--------+--------+--------+--------+--------+-----+--------+
         Total |   6241 |   6005 |    236 |   1757 |   2842 |   5 | 1248.2 |
       Dungeon |   6241 |   6005 |    236 |   1757 |   2842 |   5 | 1248.2 |
               +--------+--------+--------+--------+--------+-----+--------+

Top non-repeatable levels by time:
     D:3: 1972 daAuts
     D:1: 1632 daAuts
     D:4: 1407 daAuts
     D:2: 1134 daAuts
     D:5: 93 daAuts
